AoeStats
← Daarth Vader

Arabia

510197203Analyzed
1v1 RM · 1d ago on Sep 29, 2026· 23m 5s· 2 players
Game mode
Random Map
Map size
Tiny (2 player)
Population
200
Speed
Normal
Resources
Standard
Victory
Conquest
Starting age
Dark Age
Ending age
Imperial Age
RankedLock teamsTeams togetherTeam positionsShared explorationLock speedFull tech treeHidden civsTurbo modeCheats
Victory
Defeat
🇩🇪 Khitans · Germany
1352
+14
🇺🇸 Danes · United States
1314
-14
Daarth Vader
9:48 Feudal Age
9:55 Man-at-Arms
10:39 Loom
12:50 Double-Bit Axe
Rammenschaf
5:54 Loom
9:08 Feudal Age
9:49 Double-Bit Axe
12:45 Domestication
19:14 Forging
23:28 Castle Age
23:01 Scale Barding Armor
Connection lost

Rejoining the realm…

Still unreachable

The connection could not be restored.

Session expired

The server has moved on; the page needs a fresh start.